 Dungeon Crawl Stone Soup version 0.22.0-60-ga52c2fc (webtiles) character file.

163 shmeve the Skirmisher (level 5, 0/47 HPs)
             Began as a Minotaur Berserker on Sept 10, 2018.
             Was a Believer of Trog.
             Succumbed to Krystallnach's ghost's poison
             ... on level 3 of the Dungeon.
             The game lasted 00:04:08 (2066 turns).

shmeve the Skirmisher (Minotaur Berserker)          Turns: 2066, Time: 00:04:09

Health: 0/47       AC:  5    Str: 19 (22) XL:     5   Next: 20%
Magic:  4/4        EV: 18    Int:  7 (9)  God:    Trog [**....]
Gold:   123        SH:  0    Dex: 14 (15) Spells: 4/4 levels left

rFire    . . .     SeeInvis .   a - +0 hand axe
rCold    . . .     Gourm    .   (no shield)
rNeg     . . .     Faith    .   b - +0 animal skin
rPois    +         Spirit   .   (helmet restricted)
rElec    .         Reflect  .   (no cloak)
rCorr    .         Harm     .   (no gloves)
MR       .....     Clarity  +   t - +2 pair of boots
Stlth    ++........             j - amulet of regeneration
HPRegen  0.55/turn              (no ring)
MPRegen  0.09/turn              (no ring)

@: brilliant, agile, lethally poisoned (0 -> 0), berserk cooldown, slowed, very
slow
A: retaliatory headbutt, horns 2, clarity, poison resistance, wild magic 1
a: Berserk, Trog's Hand, Renounce Religion


You were on level 3 of the Dungeon.
You worshipped Trog.
Trog was pleased with you.
You were not hungry.

You visited 1 branch of the dungeon, and saw 3 of its levels.

You collected 123 gold pieces.

Inventory:

Hand Weapons
 a - a +0 hand axe (weapon)
Armour
 b - a +0 animal skin (worn)
 t - a +2 pair of boots (worn)
Jewellery
 j - an amulet of regeneration (around neck)
Scrolls
 d - a scroll of immolation {unknown}
 g - a scroll of enchant armour {unknown}
 h - 3 scrolls of teleportation {unknown}
 l - a scroll of fear {unknown}
 m - a scroll of fog {unknown}
 o - a scroll of remove curse {unknown}
 p - a scroll of identify {unknown}
Potions
 e - 3 potions of brilliance
 i - a potion of berserk rage
 n - a potion of degeneration
Comestibles
 c - 8 rations


   Skills:
 * Level 4.9 Fighting
 * Level 4.8 Axes
 + Level 1.5 Throwing
 + Level 3.1 Armour
 + Level 3.1 Dodging


You had 4 spell levels left.
You didn't know any spells.
Your spell library was empty.

Dungeon Overview and Level Annotations

Branches:
Dungeon (3/15)

Altars:
Elyvilon
Yredelemnul


Innate Abilities, Weirdness & Mutations

You reflexively headbutt those who attack you in melee.
You have a pair of horns on your head.
You possess an exceptional clarity of mind.
Your system is resistant to poisons. (rPois)
Your spells are a little harder to cast, but a little more powerful.


Message History

You feel clever all of a sudden.
* * * LOW HITPOINT WARNING * * *
You feel sick.
It was a potion of berserk rage.
You're still recovering from your berserk rage.
* * * LOW HITPOINT WARNING * * *
You feel sick.
It was a potion of degeneration.
There was something very wrong with that liquid.
You feel weakened.
You feel dopey.
You feel clumsy.
* * * LOW HITPOINT WARNING * * *
You feel sick.
It was a potion of mutation.
You feel extremely strange.
You feel resistant to poisons.
Your thoughts seem clearer.
You feel less in control of your magic.
* * * LOW HITPOINT WARNING * * *
You feel sick.
It was a potion of agility.
You feel agile all of a sudden.
You die...

.# .##
..
####.#
....#
#.#.#
#.#.#
#.@.#
#####


There were no monsters in sight!

Vanquished Creatures
  The ghost of Krystallnach the Firebug, an amateur HuFE (D:3)
  4 adders (D:2)
  3 dart slugs
  2 leopard geckos (D:2)
  A ball python (D:2)
  5 bats
  3 giant cockroaches
  4 goblins
  4 hobgoblins
  11 kobolds
  A quokka (D:2)
  4 frilled lizards
  7 rats
50 creatures vanquished.

Notes
Turn   | Place    | Note
-------+----------+-------------------------------------------
     0 | D:1      | shmeve the Minotaur Berserker began the quest for the Orb.
     0 | D:1      | Reached XP level 1. HP: 19/19 MP: 0/0
   296 | D:1      | Reached XP level 2. HP: 24/27 MP: 1/1
  1015 | D:2      | Reached XP level 3. HP: 27/33 MP: 2/2
  1428 | D:2      | Found a white marble altar of Elyvilon.
  1456 | D:2      | Reached ** piety under Trog
  1505 | D:2      | Reached skill level 1 in Throwing
  1564 | D:2      | Reached XP level 4. HP: 41/41 MP: 3/3
  1847 | D:2      | Found a basalt altar of Yredelemnul.
  2036 | D:3      | Found a runed gate.
  2036 | D:3      | Found a runed gate.
  2036 | D:3      | Found a runed gate.
  2039 | D:3      | Noticed Krystallnach's ghost (amateur HuFE)
  2044 | D:3      | Noticed a big kobold
  2047 | D:3      | Noticed a big kobold
  2052 | D:3      | Killed Krystallnach's ghost
  2052 | D:3      | Reached XP level 5. HP: 34/47 MP: 4/4
  2063 | D:3      | HP: 2/47 [poisoned by Krystallnach's ghost]
  2065 | D:3      | Gained mutation: Your system is resistant to poisons.
                  | (rPois) [potion of mutation]
  2065 | D:3      | Gained mutation: You possess an exceptional clarity of
                  | mind. [potion of mutation]
  2065 | D:3      | Gained mutation: Your spells are a little harder to cast,
                  | but a little more powerful. [potion of mutation]
  2066 | D:3      | Succumbed to Krystallnach's ghost's poison

Skill      XL: |  1  2  3  4 |
---------------+-------------+-----
Fighting       | 4 |  4.9
Axes           | 4 |  4.8
Throwing       | 1 |  1.5
Dodging        | 3 |  3.1
Armour         | 3 |  3.1

Action                   |  1- 3 |  4- 6 || total
-------------------------+-------+-------++-------
Melee: Hand axe          |    57 |    31 ||    88
       Headbutt          |     8 |     5 ||    13
Invok: Berserk           |       |     1 ||     1
       Trog's Hand       |       |     1 ||     1
  Use: Potion            |       |     5 ||     5
 Stab: Sleeping          |       |     1 ||     1
  Eat: Chunk             |     2 |     1 ||     3
       Ration            |       |     1 ||     1
Armor: Animal skin       |    12 |    12 ||    24
Dodge: Dodged            |    39 |    14 ||    53
